 Dungeon Crawl Stone Soup version bcrawl-1.20.1-3-gdcb1fc31ed (webtiles) character file.

Game seed: 12260211241690190608

146 Chiseanne the Skirmisher (level 5, -5/59 HPs)
             Began as an Ogre Reaver on Feb 7, 2020.
             Was a Follower of Vehumet.
             Killed from afar by an orc wizard (8 damage)
             ... with a puff of flame
             ... on level 3 of the Dungeon.
             The game lasted 00:03:11 (2050 turns).

Chiseanne the Skirmisher (Ogre Reaver)              Turns: 2050, Time: 00:03:12

Health: -5/59      AC:  7    Str: 15    XL:     5   Next: 28%
Magic:  8/8        EV: 10    Int: 16    God:    Vehumet [*.....]
Gold:   179        SH:  0    Dex:  7    Spells: 8/8 levels left

rFire    . . .     SeeInvis .   a - +0 flail
rCold    . . .     Gourm    .   (no shield)
rNeg     . . .     Faith    .   b - +0 steam dragon scales
rPois    .         Spirit   .   (helmet restricted)
rElec    .         Reflect  .   h - +0 cloak
rCorr    .         Harm     .   (gloves unavailable)
MR       .....                  (boots unavailable)
Stlth    +.........             (no amulet)
HPRegen  0.19/turn              (no ring)
MPRegen  0.11/turn              (no ring)

@: hasted, very quick
A: large, unfitting armour, tough skin 1
a: Renounce Religion


You were on level 3 of the Dungeon.
You worshipped Vehumet.
Vehumet was aware of your devotion.
You were not hungry.

You visited 1 branch of the dungeon, and saw 3 of its levels.

You collected 179 gold pieces.

Inventory:

Hand Weapons
 a - a +0 flail (weapon)
 f - a cursed -3 dagger
 m - a cursed -1 war axe
Missiles
 i - 171 bolts
 o - 684 stones (quivered)
 p - 733 sling bullets
 s - 154 arrows
Armour
 b - +0 steam dragon scales (worn)
 h - a +0 cloak (worn)
Scrolls
 d - a scroll of immolation
 g - 3 scrolls of identify {unknown}
 j - a scroll of teleportation {unknown}
 l - 2 scrolls of remove curse {unknown}
 r - a scroll of enchant armour {unknown}
Potions
 c - a potion of haste
 k - 3 potions of curing {unknown}
 n - 2 potions of agility {unknown}
 t - a potion of resistance {unknown}
 u - a potion of flight {unknown}
Comestibles
 e - 6 rations {!d}


   Skills:
 * Level 6.1 Fighting
 - Level 3.6 Maces & Flails
 * Level 4.1 Dodging
 - Level 2.4 Spellcasting


You had 8 spell levels left.
You didn't know any spells.
Your spell library contained the following spells:

 Spells                   Type           Power        Failure   Level  Hunger
 Sting                    Conj/Pois      #...         5%          1    #......
 Iskenderun's Battlesphe  Conj/Chrm      #.......     77%         5    ######.


Dungeon Overview and Level Annotations

Branches:
Dungeon (3/12)

Altars:
Makhleb
Xom


Innate Abilities, Weirdness & Mutations

You are too large for most types of armour.
You have tough skin. (AC +1)


Message History

You completely miss something. Something hits you.
* * * LOW HITPOINT WARNING * * *
You closely miss something. Something hits you.
* * * LOW HITPOINT WARNING * * *
You miss something.
You hear some strange, mumbled words.
A puff of flame appears from out of thin air!
The puff of flame misses you.
You miss something.
You hear some strange, mumbled words.
A magic dart appears from out of thin air!
The magic dart hits you!
* * * LOW HITPOINT WARNING * * *
You miss something. You hit something. Something hits you but does no damage.
You barely miss something.
You hear some strange, mumbled words.
A puff of flame appears from out of thin air!
The puff of flame hits you!
You die...

##.......# ........##
....#...########
.............)..
.....##.########
..<..##.# ##....#.# .#
......#.###########...#.
...>............@{o...'.
......#.###########...#.
#####.#.......... ...
....#)########### #
###.#.# #.#.# #.#.#
#.#.# #.#.#


You could see an orc.

Vanquished Creatures
  A centaur zombie (D:3)
  An orc priest (D:3)
  Jessica (D:2)
  An adder (D:2)
  An ooze (D:2)
  A worm (D:2)
  A dart slug (D:2)
  A leopard gecko (D:1)
  An orc (D:3)
  2 giant cockroaches
  3 goblins
  6 hobgoblins
  7 kobolds
  3 ball pythons
  6 bats
  A frilled lizard (D:1)
  3 rats
40 creatures vanquished.

Notes
Turn   | Place    | Note
-------+----------+-------------------------------------------
     0 | D:1      | Chiseanne the Ogre Reaver began the quest for the Orb.
     0 | D:1      | Reached XP level 1. HP: 24/24 MP: 3/3
   178 | D:1      | Reached XP level 2. HP: 33/33 MP: 5/5
   190 | D:1      | Found a shimmering altar of Xom.
  1072 | D:2      | Noticed Jessica
  1090 | D:2      | Reached * piety under Vehumet
  1090 | D:2      | Offered knowledge of Sting by Vehumet.
  1101 | D:2      | Killed Jessica
  1101 | D:2      | Reached skill level 5 in Fighting
  1101 | D:2      | Reached XP level 3. HP: 12/42 MP: 6/6
  1320 | D:2      | Found a burning altar of Makhleb.
  1320 | D:2      | Noticed a cacodemon
  1350 | D:2      | Reached XP level 4. HP: 50/50 MP: 7/7
  1940 | D:3      | Reached XP level 5. HP: 59/59 MP: 8/8
  2030 | D:3      | Reached skill level 6 in Fighting
  2050 | D:3      | Killed from afar by an orc wizard

Skill      XL: |  1  2  3  4  5 |
---------------+----------------+-----
Dodging        | 3 4 |  4.1
Fighting       | 5 6 |  6.1
Maces & Flails | |  3.6
Spellcasting   | |  2.4

Action                   |  1- 3 |  4- 6 || total
-------------------------+-------+-------++-------
Melee: Flail             |    93 |    93 ||   186
Throw: Stone             |     4 |       ||     4
  Use: Potion            |       |     1 ||     1
  Eat: Chunk             |     1 |     3 ||     4
Armor: Steam dragon scal |    53 |    49 ||   102
Dodge: Dodged            |    55 |    60 ||   115
